 Dungeon Crawl Stone Soup version 0.27.1 (webtiles) character file.

Game seed: 8784726469891147997

266848 MajorAdolf the Lord of Darkness (level 20, -7/291 HPs)
             Began as a Naga Wanderer on Aug 23, 2021.
             Was the Champion of Kikubaaqudgha.
             Killed from afar by a war gargoyle (35 damage)
             ... with a spray of metal splinters
             ... on level 5 of the Vaults on Aug 24, 2021.
             The game lasted 01:49:54 (48710 turns).

MajorAdolf the Lord of Darkness (Naga Wanderer)    Turns: 48710, Time: 01:49:55

Health: -7/291     AC: 12    Str: 17    XL:     20   Next: 51%
Magic:  17/38      EV:  8    Int: 29    God:    Kikubaaqudgha [******]
Gold:   1500       SH: 25    Dex:  9    Spells: 10/31 levels left

rFire    + . .     SeeInvis +   O - +7 dagger (pain)
rCold    . . .     Faith    .   w - +1 tower shield of Nemelex Xobeh's Wrath {Regen+ Int+2}
rNeg     + . .     Spirit   .   r - +3 ring mail
rPois    +         Reflect  +   n - +0 helmet
rElec    .         Harm     .   j - +2 cloak {Stlth+}
rCorr    .         Rampage  .   c - +2 pair of gloves {Stlth+}
Will     ++...                  (no barding)
Stlth    ..........             h - amulet of reflection
HPRegen  1.58/turn              t - ring "Tam Ischo" {rF+ rN+ MP+9}
MPRegen  0.26/turn              C - +6 ring of intelligence

@: berserking, corroded, quick
A: AC +6, large, see invisible, deformed body, poison resistance, slowness 2,
spit poison 1, naga tail 2
}: 1/15 runes: gossamer
a: Spit Poison, Renounce Religion, Receive Corpses, Torment


You were on level 5 of the Vaults.
You worshipped Kikubaaqudgha.
Kikubaaqudgha was exalted by your worship.
You visited 6 branches of the dungeon, and saw 33 of its levels.
You also visited: Sewer, Bailey and Volcano.

You collected 3473 gold pieces.
You spent 1973 gold pieces at shops.

Inventory:

Hand Weapons
 O - a +7 dagger of pain (weapon)
Missiles
 A - 247 arrows
Armour
 a - a scarf of invisibility
 c - a +2 pair of gloves of stealth (worn)
 j - a +2 cloak of stealth (worn)
 n - a +0 helmet (worn)
 r - a +3 ring mail (worn)
 w - the +1 tower shield of Nemelex Xobeh's Wrath (worn) {Regen+ Int+2}
   (You found it on level 5 of the Dungeon)

   Int:       It affects your intelligence (+2).
   Regen:     It increases your rate of health regeneration.
Magical Staves
 f - a staff of death
Jewellery
 h - an amulet of reflection (around neck)
 m - an amulet of regeneration
 t - the ring "Tam Ischo" (left hand) {rF+ rN+ MP+9}
   (You bought it in a shop on level 13 of the Dungeon)

   [ring of magical power]

   rF:        It protects you from fire.
   rN:        It protects you from negative energy.
   MP:        It affects your magic capacity (+9).
 x - a ring of resist corrosion
 y - the amulet of Sothian {RegenMP Harm}
   (You found it on level 15 of the Dungeon)

   [amulet of magic regeneration]

   It increases your rate of magic regeneration.
   Harm:      It increases damage dealt and taken.
 C - a +6 ring of intelligence (right hand)
 P - a ring of flight
 R - a ring of positive energy
 S - a +6 ring of strength
 T - a ring of positive energy
 V - a ring of protection from cold
 X - a ring of protection from fire
Wands
 o - a wand of mindburst (19)
 q - a wand of paralysis (25)
 F - a wand of acid (8)
 L - a wand of flame (47)
 N - a wand of polymorph (14)
 Y - a wand of iceblast (31)
Scrolls
 d - 2 scrolls of teleportation
 e - 5 scrolls of identify
 i - a scroll of fear
 u - 5 scrolls of silence
 B - 4 scrolls of enchant armour
 E - a scroll of holy word {unknown}
 G - 3 scrolls of immolation
 H - 3 scrolls of fog
 K - 4 scrolls of vulnerability
 M - 6 scrolls of amnesia
 U - a scroll of magic mapping
 W - a scroll of blinking
Potions
 b - 7 potions of haste
 k - a potion of curing
 l - 2 potions of cancellation
 p - a potion of invisibility
 s - 6 potions of magic
 v - 2 potions of ambrosia
 z - 2 potions of mutation
 I - a potion of resistance
 Q - 3 potions of might
 Z - 5 potions of brilliance
Miscellaneous
 D - a tin of tremorstones (2/2)
 J - a box of beasts


   Skills:
 - Level 15.0 Fighting
 - Level 10.0 Short Blades
 - Level 1.0(2.1) Axes
 - Level 3.0(3.1) Maces & Flails
 - Level 2.4 Armour
 - Level 3.0 Stealth
 - Level 15.0 Shields
 - Level 6.0 Spellcasting
 + Level 23.1 Necromancy
 - Level 11.0 Evocations


You had 10 spell levels left.
You knew the following spells:

 Your Spells              Type           Power      Damage    Failure   Level
a - Pain                  Necr           100%       1d9       0%          1
b - Vampiric Draining     Necr           48%        2d12      0%          3
c - Dispel Undead         Necr           97%        3d30      0%          4
d - Animate Skeleton      Necr           100%       N/A       0%          1
e - Animate Dead          Necr           48%        N/A       0%          4
f - Infestation           Necr           48%        N/A       4%          8

Your spell library contained the following spells:

 Spells                   Type           Power      Damage    Failure   Level
 Sublimation of Blood     Necr           48%        N/A       0%          2
 Corpse Rot               Necr/Air       N/A        N/A       1%          2
 Agony                    Necr           97%        N/A       1%          5
 Excruciating Wounds      Necr           48%        N/A       1%          5
 Death Channel            Necr           48%        N/A       1%          6
 Borgnjor's Vile Clutch   Necr/Erth      33%        N/A       2%          5
 Borgnjor's Revivificati  Necr           48%        N/A       4%          8
 Magic Dart               Conj           32%        1d4       10%         1
 Shock                    Conj/Air       32%        1d5       10%         1
 Sting                    Tmut/Pois      32%        1d4       10%         1
 Simulacrum               Ice/Necr       33%        N/A       14%         6
 Call Imp                 Summ           8%         N/A       16%         2
 Poisonous Vapours        Pois/Air       16%        N/A       16%         2
 Searing Ray              Conj           16%        3d3       16%         2
 Slow                     Hex            8%         N/A       16%         2
 Static Discharge         Conj/Air       8%         N/A       16%         2
 Call Canine Familiar     Summ           8%         N/A       30%         3
 Confusing Touch          Hex            8%         N/A       30%         3
 Frozen Ramparts          Ice            16%        1d3       30%         3
 Inner Flame              Hex/Fire       8%         N/A       30%         3
 Mephitic Cloud           Conj/Pois/Air  8%         N/A       30%         3
 Portal Projectile        Hex/Tloc       16%        N/A       30%         3
 Stone Arrow              Conj/Erth      16%        3d8       30%         3
 Swiftness                Air            8%         N/A       30%         3
 Haunt                    Necr/Summ      33%        N/A       58%         7
 Death's Door             Necr           48%        N/A       61%         9
 Airstrike                Air            4%         N/A       69%         4
 Animate Armour           Summ/Erth      16%        N/A       69%         4
 Cause Fear               Hex            4%         N/A       69%         4
 Fulminant Prism          Conj/Hex       4%         3d6       69%         4
 Ice Form                 Ice/Tmut       8%         N/A       69%         4
 Leda's Liquefaction      Hex/Erth       4%         N/A       69%         4
 Olgreb's Toxic Radiance  Pois           8%         N/A       69%         4
 Petrify                  Tmut/Erth      8%         N/A       69%         4
 Sticky Flame             Conj/Fire      8%         2d3       69%         4
 Summon Ice Beast         Ice/Summ       8%         N/A       69%         4
 Blade Hands              Tmut           4%         N/A       95%         5
 Fireball                 Conj/Fire      4%         3d4       95%         5
 Iskenderun's Battlesphe  Conj           8%         2d6       95%         5
 Metabolic Englaciation   Hex/Ice        4%         N/A       95%         5
 Necromutation            Tmut/Necr      33%        N/A       99%         8
 Conjure Ball Lightning   Conj/Air       4%         3x3d6     100%        6
 Iron Shot                Conj/Erth      4%         9d2       100%        6
 Statue Form              Tmut/Erth      5%         N/A       100%        6
 Orb of Destruction       Conj           4%         9d2       100%        7
 Discord                  Hex            4%         N/A       100%        8
 Lehudib's Crystal Spear  Conj/Erth      4%         10d3      100%        8
 Chain Lightning          Conj/Air       4%         3d5       100%        9
 Fire Storm               Conj/Fire      4%         8d1       100%        9


Dungeon Overview and Level Annotations

Branches:
Dungeon (15/15)            Temple (1/1) D:5            Lair (6/6) D:10
  Swamp (0/4) Lair:2       Spider (4/4) Lair:4        Slime (0/5) Lair:6
    Orc (2/2) D:11            Elf (0/3) Orc:2        Vaults (5/5) D:14
  Crypt (0/3) Vaults:2     Depths (0/5) D:15          Sewer (visited)
 Bailey (visited)         Volcano (visited)

Altars:
Ashenzari
Cheibriados
Dithmenos
Elyvilon
Fedhas
Gozag
Hepliaklqana
Kikubaaqudgha
Makhleb
Nemelex Xobeh
Okawaru
Qazlal
Ru
Sif Muna
Trog
Uskayaw
Vehumet
Wu Jian
Xom
Yredelemnul
Zin
The Shining One
Beogh
Jiyva
Lugonu

Shops:
D:5 [   D:8 [   D:13 =   Orc:2 :(:*   Vaults:3 =   Vaults:4 *

Portals:
Abyss: Lair:6

Annotations:
D:6 1 runed translucent door, monk26's ghost, amateur FeWn
Lair:2 exclusion: 2 oklob plants
Lair:3 3 runed translucent doors, Feulaj's ghost, journeyman MiBe


Innate Abilities, Weirdness & Mutations

Your serpentine skin is tough. (AC +6)
You have supernaturally acute eyesight. (SInv)
Armour fits poorly on your strangely shaped body.
Your system is resistant to poisons. (rPois)
You cover ground very slowly.
You can spit poison.
You can use your snake-like lower body to constrict enemies.


Message History

Your death scarab misses the tengu reaver.
The war gargoyle hits you with a +1 morningstar of protection!!
Your death scarab bites the war gargoyle but does no damage.
The ironbound convoker points at the fire giant and mumbles some strange words.
The fire giant seems to grow stronger.
The tengu reaver gestures at you while chanting.
The bolt of fire hits you!! You resist.
* * * LOW HITPOINT WARNING * * *
You hit the tengu reaver.
The tengu reaver writhes in agony.
You grab the tengu reaver.
The tengu reaver is severely wounded.
You constrict the tengu reaver.
Your death scarab barely misses the tengu reaver.
A titan comes into view.
The war gargoyle hits you with a +1 morningstar of protection!!
* * * LOW HITPOINT WARNING * * *
Unknown command.
You hit the tengu reaver.
The tengu reaver writhes in agony!
The tengu reaver is almost dead.
You constrict the tengu reaver.
Your death scarab bites the tengu reaver!
Your death scarab drains the tengu reaver's vigour!
The tengu reaver seems to slow down.
Your death scarab draws strength from the tengu reaver's injuries!
Your death scarab bites the war gargoyle but does no damage.
The deep elf high priest calls down the wrath of its god upon you.
Something smites you!
* * * LOW HITPOINT WARNING * * *
The tengu reaver hits your death scarab with a +0 long sword of holy wrath!
Your death scarab convulses!!
Your death scarab is destroyed!
The tengu reaver shouts!
You hear a shout!
Okay, then.
A red film seems to cover your vision as you go berserk!
You feel yourself moving faster!
You feel mighty!
You constrict the tengu reaver. You block the war gargoyle's attack.
The war gargoyle launches metal splinters at you.
The spray of metal splinters hits you!!
You die...
Kikubaaqudgha rasps: "You have failed me!
Welcome... death!"

##########################
.......HB9................
.....CCpeQ@...............
....p.####################
...p. .... ... .. .


You could see a titan, a fire giant (strong), a sphinx, a tengu reaver
(infested, slow), 2 vault guards, an entropy weaver (strong, infested), a war
gargoyle (infested, catching breath) and a deep elf high priest (infested).

Vanquished Creatures
  A lich (Vaults:4)
  2 sphinxes (Vaults:1)
  A storm dragon (D:15)
  3 fire giants (D:15)
  7 emperor scorpions
  9 vault wardens
  2 ghost moths (Spider:4)
  An iron dragon (Vaults:4)
  An orc warlord (Orc:2)
  13 ironbound preservers
  4 very ugly things
  A stone giant (Vaults:4)
  A red draconian (Volcano)
  5 dire elephants
  An entropy weaver (Vaults:1)
  A spark wasp (Spider:4)
  An eidolon (Vaults:2)
  Josephine (Orc:2)
  4 yaktaur captains
  A great orb of eyes (Vaults:4)
  An ice dragon (D:11)
  4 vault guards
  An ogre mage (D:15)
  5 ironbound thunderhulks
  11 hydras
  A catoblepas (Lair:5)
  4 boulder beetles
  16 centaur warriors
  Erolcha (Orc:1)
  8 two-headed ogres
  A death knight (D:14)
  2 ironbound frosthearts
  2 tengu warriors (D:15)
  2 death yaks (Lair:6)
  A death scarab (Spider:4)
  4 thrashing horrors (Lair:6)
  7 ironbound beastmasters
  Urug (Lair:4)
  4 orc high priests (Orc:2)
  A soul eater (Vaults:1)
  4 skeletal warriors (D:14)
  A fire crab (shapeshifter) (D:13)
  28 deep trolls
  A phantasmal warrior (Vaults:2)
  A swamp dragon (Lair:2)
  A spectral wolf spider (Spider:4)
  An orb spider (shapeshifter) (D:14)
  11 ironbound convokers
  5 lindwurms
  A deep elf pyromancer (D:13)
  2 wizards (Vaults:3)
  15 orb spiders
  2 wolf spider zombies (Spider:4)
  5 orc sorcerers
  19 wolf spiders
  4 orc knights
  21 ugly things
  A necromancer (Vaults:2)
  6 cyclopes
  16 elephants (Lair:6)
  3 moths of wrath
  A human skeleton (Vaults:3)
  9 vault sentinels
  3 centaur zombies
  A black mamba (Lair:3)
  A gargoyle (D:13)
  A torpor snail (Lair:5)
  A molten gargoyle (Volcano)
  11 cane toads
  4 spectral redbacks (Spider:4)
  An unseen horror (shapeshifter) (Lair:6)
  An efreet (D:13)
  7 demonic crawlers
  25 yaktaurs
  2 rime drakes
  6 komodo dragons
  An ancient zyme (Lair:6)
  30 jumping spiders
  6 trolls
  9 meliai
  A hornet (Spider:4)
  2 spectral jumping spiders (Spider:4)
  4 polar bears
  38 blink frogs
  2 spectral tarantellas (Spider:4)
  4 dream sheep (Lair:5)
  21 slime creatures
  31 redbacks
  A shadow (D:12)
  10 wyverns
  A vampire (D:10)
  2 wraiths
  A redback (shapeshifter) (Lair:6)
  39 tarantellas
  54 yaks
  8 small abominations (Lair:6)
  4 basilisks
  5 fire bats (Volcano)
  2 steam dragons
  A human (shapeshifter) (D:15)
  4 chaos spawn (Lair:6)
  3 vampire mosquitoes (D:12)
  8 wargs
  An acid dragon (Lair:5)
  12 water moccasins
  A meliai simulacrum (D:14)
  A swamp drake (Lair:5)
  An ice beast (D:6)
  52 orc warriors
  A sky beast (D:8)
  4 black bears
  A spectral hornet (Spider:4)
  2 boggarts
  2 necrophages
  14 ogres
  13 centaurs
  15 wolves
  2 phantoms
  14 bullfrogs
  A kobold brigand (D:10)
  A scorpion (D:10)
  A water moccasin skeleton (D:4)
  7 killer bees (D:9)
  6 howler monkeys (D:8)
  7 lava snakes (Volcano)
  A bullfrog zombie (D:5)
  A centaur skeleton (D:7)
  A hound (D:5)
  3 jellies (D:6)
  32 orc priests
  2 gnoll shamans (D:6)
  A bullfrog skeleton (D:5)
  4 iguanas
  A scorpion zombie (D:5)
  19 orc wizards
  3 hound skeletons (D:4)
  A howler monkey zombie (D:5)
  Robin (D:3)
  18 gnolls
  14 adders
  3 river rats
  A shadow imp (D:6)
  2 white imps (D:7)
  2 ufetubi
  A worm (D:3)
  2 dart slugs
  126 orcs
  4 endoplasms
  4 giant cockroaches
  13 goblins
  5 hobgoblins
  10 kobolds
  4 quokkas
  6 ball pythons
  3 bats
  10 frilled lizards
  A quokka skeleton (D:4)
  12 rats
  A spectral orc (D:7)
1122 creatures vanquished.

Vanquished Creatures (collateral kills)
  Agnes (Spider:4)
  A war gargoyle (Vaults:3)
  2 ironbound preservers
  3 very ugly things
  2 entropy weavers
  2 dire elephants (Vaults:1)
  An ironbound thunderhulk (Vaults:4)
  A peacekeeper (Vaults:3)
  An ironbound frostheart (Vaults:4)
  2 centaur warriors (Vaults:4)
  7 death scarabs (Spider:4)
  4 death yaks (Lair:6)
  An ironbound beastmaster (Vaults:1)
  A spectral emperor scorpion (Spider:4)
  13 deep trolls
  A spectral wolf spider (Spider:4)
  8 wizards
  An orc knight (Bailey)
  5 ironbound convokers
  2 necromancers
  A lindwurm (Vaults:3)
  10 ugly things
  2 wolf spiders (Spider:4)
  A wolf spider zombie (Spider:4)
  A tengu skeleton (Vaults:3)
  5 orb spiders
  A fire giant zombie (Vaults:3)
  2 elephants (Lair:6)
  2 human skeletons (Vaults:3)
  2 vault sentinels (Vaults:3)
  A cane toad (Lair:6)
  A komodo dragon (Lair:5)
  4 demonic crawlers
  2 spectral redbacks (Spider:4)
  3 yaktaurs (Vaults:4)
  A redback zombie (Spider:4)
  3 jumping spiders
  9 slime creatures
  A spectral jumping spider (Spider:4)
  4 spectral tarantellas (Spider:4)
  A polar bear (Lair:6)
  3 blink frogs (Lair:6)
  3 tarantellas
  3 redbacks
  2 wraiths (Orc:2)
  An orc warrior (Orc:2)
  A spectral hornet (Spider:4)
  3 boggarts (Vaults:4)
  A small abomination (Lair:6)
  A gnoll (Orc:1)
  3 orcs
137 creatures vanquished.

Vanquished Creatures (others)
  2 wizards
  A redback (Spider:2)
  A wyvern (D:10)
  An orc priest (Orc:2)
  2 orcs (Orc:2)
  2 bushes
  39 fungi
  74 plants
122 creatures vanquished.

Grand Total: 1381 creatures vanquished

Notes
Turn   | Place    | Note
-------+----------+-------------------------------------------
     0 | D:1      | MajorAdolf the Naga Wanderer began the quest for the Orb.
     0 | D:1      | MajorAdolf set off with the following items: a +2 dagger, a
                  | potion of haste, a +0 shortbow, 21 arrows, a +0 mace, a +0
                  | robe
     0 | D:1      | Reached XP level 1. HP: 18/18 MP: 1/1
   198 | D:1      | Reached skill level 1 in Short Blades
   522 | D:1      | Reached XP level 2. HP: 19/25 MP: 2/2
  1389 | D:2      | Reached XP level 3. HP: 31/31 MP: 3/3
  1493 | D:2      | HP: 1/31 [adder (3)]
  2128 | D:2      | Reached XP level 4. HP: 22/38 MP: 4/4
  2443 | D:2      | Found a faded altar of an unknown god.
  2828 | D:2      | Learned a level 1 spell: Pain
  3255 | D:3      | Reached skill level 1 in Necromancy
  3596 | D:3      | Reached skill level 2 in Necromancy
  3596 | D:3      | Reached XP level 5. HP: 42/44 MP: 1/5
  3879 | D:3      | Reached skill level 3 in Necromancy
  4346 | D:3      | Reached XP level 6. HP: 33/51 MP: 2/6
  4695 | D:4      | Reached skill level 4 in Necromancy
  4718 | D:4      | Noticed Robin
  4842 | D:3      | Killed Robin
  5001 | D:4      | Reached skill level 5 in Necromancy
  5253 | D:4      | Learned a level 3 spell: Vampiric Draining
  5264 | D:4      | Reached XP level 7. HP: 57/57 MP: 7/7
  5279 | D:4      | Found a stormy altar of Qazlal.
  5478 | D:4      | Reached skill level 6 in Necromancy
  5775 | D:4      | Found an iron altar of Okawaru.
  6177 | D:5      | Entered Level 5 of the Dungeon
  6259 | D:4      | Reached skill level 7 in Necromancy
  6530 | D:5      | Found a bloodstained altar of Trog.
  6596 | D:5      | Reached XP level 8. HP: 55/64 MP: 8/8
  6671 | D:5      | Found a staircase to the Ecumenical Temple.
  6700 | D:5      | Found a broken altar of Ashenzari.
  6764 | Temple   | Entered the Ecumenical Temple
  6874 | Temple   | Became a worshipper of Kikubaaqudgha
  6985 | D:5      | Found Denkisav's Antique Armour Boutique.
  7021 | D:5      | Reached skill level 8 in Necromancy
  7492 | D:5      | Noticed a wyvern
  7501 | D:5      | Killed a wyvern
  7502 | D:5      | Reached skill level 9 in Necromancy
  7586 | D:5      | Identified the +1 tower shield of Nemelex Xobeh's Wrath
                  | {Regen+ Int+2}
  7665 | D:5      | Found a blossoming altar of Fedhas.
  7674 | D:5      | Found a shimmering blue altar of Sif Muna.
  7693 | D:5      | Reached skill level 1 in Shields
  7785 | D:6      | Noticed a cyclops
  7842 | D:6      | Identified 2 scrolls of acquirement
  7842 | D:6      | Acquired a staff of death
  7844 | D:6      | Acquired a +0 cloak of stealth
  7911 | D:6      | Found a runed translucent door.
  7911 | D:6      | Noticed monk26's ghost (amateur FeWn)
  8099 | D:6      | Reached XP level 9. HP: 70/70 MP: 3/9
  8160 | D:6      | Reached skill level 5 in Shields
  8240 | D:6      | Reached * piety under Kikubaaqudgha
  8240 | D:6      | Received a gift from Kikubaaqudgha
  8364 | D:6      | Found a glowing drain.
  8371 | Sewer    | Entered a sewer
  8882 | D:6      | Killed a cyclops
  9592 | D:6      | Learned a level 4 spell: Dispel Undead
  9753 | D:7      | Found a basalt altar of Yredelemnul.
  9910 | D:7      | Found a glowing silver altar of Zin.
  9980 | D:6      | Reached ** piety under Kikubaaqudgha
 10567 | D:7      | Found a white marble altar of Elyvilon.
 10861 | D:8      | Reached XP level 10. HP: 60/78 MP: 10/10
 10937 | D:8      | Found a shadowy altar of Dithmenos.
 11090 | D:8      | Found Meotij's Armour Boutique.
 11118 | D:8      | Found a flagged portal.
 11154 | Bailey   | Entered a bailey
 12118 | Bailey   | Noticed an orc knight
 12551 | Bailey   | Killed an orc knight
 13145 | D:8      | Found a snail-covered altar of Cheibriados.
 13444 | D:9      | Identified the amulet "Loedipt" {Acrobat -Tele rElec rPois}
 13470 | D:9      | Reached skill level 10 in Shields
 14120 | D:9      | Found an opulent altar of Gozag.
 14366 | D:9      | Reached XP level 11. HP: 80/84 MP: 6/11
 14565 | D:9      | Reached *** piety under Kikubaaqudgha
 14565 | D:9      | Received a gift from Kikubaaqudgha
 15155 | D:10     | Entered Level 10 of the Dungeon
 15165 | D:10     | Found a radiant altar of Vehumet.
 15478 | D:10     | Noticed a two-headed ogre
 15708 | D:10     | Found a staircase to the Lair.
 15737 | D:10     | Killed a two-headed ogre
 16317 | D:10     | Noticed a six-headed hydra
 17035 | D:11     | Reached **** piety under Kikubaaqudgha
 17188 | D:11     | Found a staircase to the Orcish Mines.
 17365 | D:11     | Noticed a brown ugly thing
 17397 | D:11     | Killed a brown ugly thing
 17800 | D:11     | Noticed a boulder beetle
 17844 | D:11     | Killed a boulder beetle
 18059 | D:11     | Reached XP level 12. HP: 83/91 MP: 12/12
 18068 | D:11     | Reached skill level 1 in Evocations
 18131 | D:11     | You are sucked into a shaft and drop 3 floors!
 18132 | D:14     | Noticed a boulder beetle
 18181 | D:14     | Killed a boulder beetle
 18618 | D:11     | Noticed a five-headed hydra
 18991 | Lair:1   | Entered Level 1 of the Lair of Beasts
 19343 | Lair:1   | Noticed a seven-headed hydra
 20321 | Lair:3   | Reached ***** piety under Kikubaaqudgha
 20535 | Lair:3   | Noticed a four-headed hydra
 20922 | Lair:3   | Found a runed translucent gate.
 20922 | Lair:3   | Found a runed translucent gate.
 20922 | Lair:3   | Found a runed translucent gate.
 20925 | Lair:3   | Noticed Feulaj's ghost (journeyman MiBe)
 21127 | Lair:4   | Found a dark tunnel.
 21141 | Volcano  | Entered a volcano
 21164 | Volcano  | Acquired a manual of Necromancy
 21666 | Volcano  | Reached skill level 15 in Shields
 21740 | Volcano  | Gained mutation: You can use your snake-like lower body to
                  | constrict enemies. [Naga growth]
 21740 | Volcano  | Reached XP level 13. HP: 99/99 MP: 13/13
 21787 | Volcano  | Found a bloodstained altar of Trog.
 21792 | Volcano  | Noticed a red draconian
 21891 | Volcano  | Killed a red draconian
 21892 | Volcano  | Reached skill level 5 in Fighting
 21892 | Volcano  | Reached skill level 10 in Necromancy
 22071 | Lair:4   | Noticed Urug
 22198 | Lair:3   | Reached skill level 11 in Necromancy
 22567 | Lair:4   | Killed Urug
 23007 | Lair:4   | Found a hole to the Spider Nest.
 23156 | Lair:5   | Reached skill level 12 in Necromancy
 23483 | Lair:4   | Learned a level 1 spell: Animate Skeleton
 24304 | Lair:6   | Entered Level 6 of the Lair of Beasts
 24315 | Lair:6   | Reached skill level 5 in Short Blades
 24319 | Lair:6   | Reached skill level 10 in Fighting
 24319 | Lair:6   | Reached skill level 13 in Necromancy
 24339 | Lair:6   | Reached XP level 14. HP: 94/133 MP: 6/14
 24527 | Lair:6   | Found a staircase to the Slime Pits.
 24602 | Lair:6   | Found a viscous altar of Jiyva.
 24727 | Lair:6   | Reached skill level 14 in Necromancy
 25459 | Lair:6   | Reached ****** piety under Kikubaaqudgha
 25657 | Lair:6   | Received a gift from Kikubaaqudgha
 25759 | Lair:6   | Found a corrupted altar of Lugonu.
 25759 | Lair:6   | Found a one-way gate to the infinite horrors of the Abyss.
 26032 | Lair:6   | Reached skill level 15 in Necromancy
 26701 | Lair:2   | Reached skill level 16 in Necromancy
 26701 | Lair:2   | Reached XP level 15. HP: 146/146 MP: 15/15
 26842 | Lair:2   | Found a staircase to the Swamp.
 27079 | Lair:2   | Found a white marble altar of Elyvilon.
 28191 | D:11     | Reached XP level 16. HP: 154/154 MP: 11/16
 28312 | Orc:1    | Entered Level 1 of the Orcish Mines
 28414 | Orc:1    | Noticed Erolcha
 28451 | Orc:1    | Killed Erolcha
 28724 | Orc:2    | Entered Level 2 of the Orcish Mines
 29181 | Orc:2    | Found Tocets's Book Emporium.
 29201 | Orc:2    | Found Duzu's Weapon Shoppe.
 29550 | Orc:2    | Found Uplollaski's Book Shop.
 29619 | Orc:2    | Bought the Almanac of Unholy Secrets for 720 gold pieces
 29619 | Orc:2    | Bought a book of Unlife for 540 gold pieces
 29630 | Orc:2    | Learned a level 4 spell: Animate Dead
 29878 | Orc:2    | Found a staircase to the Elven Halls.
 30220 | Orc:2    | Found Ruinaj's General Store.
 30220 | Orc:2    | Noticed Josephine
 30275 | Orc:2    | Killed Josephine
 31469 | D:13     | Reached skill level 10 in Short Blades
 31469 | D:13     | Reached skill level 17 in Necromancy
 31523 | D:13     | Found Riawez's Jewellery Boutique.
 31533 | D:13     | Bought the ring "Tam Ischo" {rF+ rN+ MP+9} for 458 gold
                  | pieces
 33626 | D:14     | Found a gate to the Vaults.
 33759 | D:15     | Entered Level 15 of the Dungeon
 33851 | D:15     | Found a staircase to the Depths.
 34001 | D:15     | Reached XP level 17. HP: 158/168 MP: 17/17
 34045 | D:15     | Found a runed translucent door.
 35085 | D:15     | Identified the +6 chain mail of Xoiten {Harm *Corrode Str+4
                  | SInv}
 35086 | D:15     | Identified the amulet of Sothian {RegenMP Harm}
 35323 | Spider:1 | Entered Level 1 of the Spider Nest
 35802 | Spider:1 | Reached skill level 18 in Necromancy
 35840 | Spider:1 | Reached skill level 5 in Evocations
 35871 | Spider:1 | Reached skill level 15 in Fighting
 38423 | Spider:4 | Entered Level 4 of the Spider Nest
 39091 | Spider:4 | Reached XP level 18. HP: 86/178 MP: 18/18
 39132 | Spider:4 | Noticed Agnes
 39141 | Spider:4 | Killed Agnes
 39482 | Spider:4 | Reached skill level 19 in Necromancy
 40210 | Spider:4 | Got a gossamer rune of Zot
 40506 | Spider:4 | Reached skill level 10 in Evocations
 41146 | Vaults:1 | Entered Level 1 of the Vaults
 41564 | Vaults:1 | You fall into a shaft and drop 1 floor!
 41828 | Vaults:2 | Reached skill level 20 in Necromancy
 42172 | Vaults:2 | Reached XP level 19. HP: 122/186 MP: 19/19
 42646 | Vaults:1 | HP: 7/186 [yaktaur/bolt[a vault warden] (26)]
 42930 | Vaults:1 | Reached skill level 21 in Necromancy
 43253 | Vaults:1 | Reached skill level 1 in Spellcasting
 43309 | Vaults:1 | You fall into a shaft and drop 1 floor!
 43713 | Vaults:2 | Reached skill level 5 in Spellcasting
 43874 | Vaults:2 | Found a staircase to the Crypt.
 44280 | Vaults:1 | Learned a level 8 spell: Infestation
 45468 | Vaults:3 | Reached skill level 22 in Necromancy
 45929 | Vaults:3 | Found Teos's Jewellery Boutique.
 46036 | Vaults:3 | Reached XP level 20. HP: 135/194 MP: 29/29
 47525 | Vaults:4 | Found Joasm's Assorted Antiques.
 47553 | Vaults:4 | Bought a pair of runed gloves for 255 gold pieces
 48395 | Vaults:4 | Reached skill level 23 in Necromancy
 48555 | Vaults:5 | Entered Level 5 of the Vaults
 48555 | Vaults:5 | Noticed an ancient lich
 48710 | Vaults:5 | Killed from afar by a war gargoyle

Illustrated notes

Levels and vault maps discovered:
D:1:      dpeg_arrival_shelter, layout_loops_ring
D:2:      layout_basic, shapermc_ecumenical_altar_mp_ritualfount
D:3:      layout_loops_ring
D:4:      layout_cave_pools, okawaru_metal_pillars_1_2,
          mainiacjoe_overflow_surrounded_room, uniq_robin
D:5:      layout_rooms, led_sif_book, fedhas_altar_3,
          mainiacjoe_overflow_cross_hatched, trog_three_pillars_becter,
          minmay_temple_entry_overgrown, serial_shops,
          nicolae_inconvenience_store, kennysheep_donut
D:6:      layout_basic, hellmonk_ghost_happy_afterlife, portal_sewer_entry_b,
          minmay_diced_spiral
D:7:      layout_gridville, elyvilon_altar_4,
          yredelemnul_forgotten_temple_becter, lemuel_round_altar
D:8:      layout_cave_pools, mainiacjoe_overflow_brackets,
          grunt_dithmenos_smoke_and_mirrors, serial_shops, shop, enter_bailey_7,
          chequers_serial_rivers_micro_e, nicolae_two_hexagons
D:9:      layout_basic, grunt_gozag_breadcrumbs, chequers_serial_rivers_micro_a,
          kennysheep_generic_room_6
D:10:     layout_basic, general_overflow_altar, minmay_lair_entry_grove
D:11:     layout_gridville, hiddenorc2_lemuel
D:12:     layout_roguey
D:13:     layout_rooms, serial_shops, shop
D:14:     layout_loops_corners, david_vaults_5, minmay_misc_feat_plants,
          chequers_serial_rivers_micro_d, evilmike_butchery
D:15:     grunt_enter_depths_giant_problem, layout_grid_maze,
          chequers_serial_rivers_small_b, kennysheep_treasure_room
Temple:   kb_temple_of_zot
Lair:1:   layout_cave_pods
Lair:2:   dpeg_oklob_gauntlet, layout_concentric_octagons,
          minmay_swamp_entry_reptiles, basic_altar, columned_hall_lemuel
Lair:3:   layout_chaotic_city, gammafunk_ghost_necromancy
Lair:4:   layout_cave_shapes, spider_nest_entry_funnel_web,
          nicolae_volcano_entry_two_sided, uniq_urug
Lair:5:   layout_concentric_octagons, guppyfry_lair_drakes
Lair:6:   hellmonk_lair_end_abyssal_woods, layout_cave_pods, slime_altar_1,
          grunt_megastairs_4
Spider:1: layout_spider_delve, hangedman_spider_mandibles
Spider:2: layout_spider_delve, nicolae_orb_stairs
Spider:3: layout_spider_delve, nicolae_spider_cling_halls
Spider:4: floodkiller_spider_rune_tomb, uniq_agnes
Orc:1:    layout_caves, uniq_erolcha
Orc:2:    pubby_orc_utopia, uniq_josephine
Vaults:1: v_pattern_4, hangedman_vaults_stream, v_misc_10, vaults_room_grid,
          nicolae_vaults_network_quincunx
          [nicolae_vaults_network_quincunx_subvault,
          nicolae_vaults_network_quincunx_subvault,
          nicolae_vaults_network_quincunx_subvault,
          nicolae_vaults_network_quincunx_subvault,
          nicolae_vaults_network_quincunx_subvault], nicolae_vaults_gold_heap,
          vaults_room_grunt_arrival_ludios, v_misc_14, v_rooms_4, v_misc_8,
          layout_vaults_omnibox
Vaults:2: vaults_room_ringed_pool, v_misc_14, nicolae_vaults_little_squares_2,
          minmay_crypt_entry_simple_round, nicolae_vaults_network_quinsquares
          [nicolae_vaults_network_quincunx_subvault,
          nicolae_vaults_network_quincunx_subvault,
          nicolae_vaults_network_quincunx_subvault,
          nicolae_vaults_network_quincunx_subvault],
          nicolae_vaults_little_squares_2, nicolae_vaults_yaktaur_gun_rack,
          hangedman_vaults_restitches, layout_vaults_maze_bifur
Vaults:3: nicolae_vaults_inception_corners, v_misc_25,
          nicolae_vaults_circle_grid_b, ontoclasm_vaults_eye,
          ontoclasm_vaults_twist, vaults_dpeg_diagonal, v_misc_16,
          v_alt_pattern_2, layout_vaults_omnigrid, serial_shops,
          nicolae_shop_window_shopping
Vaults:4: nicolae_vaults_c_with_doors, nicolae_vaults_little_squares_1,
          nicolae_vaults_asterisk, nicolae_vaults_theta,
          nicolae_vaults_ninety_degrees, v_rooms_2, vaults_mumra_lcd,
          layout_vaults_ring, serial_shops, shop
Vaults:5

Skill      XL: |  1  2  3  4  5  6  7  8  9 10 11 12 13 14 15 16 17 18 19 20 |
---------------+-------------------------------------------------------------+-----
Short Blades   | 1 2 3 4 5 8 10 | 10.0
Necromancy     | 2 3 5 7 9 13 16 17 18 20 22 23 | 23.1
Shields        | 4 8 10 13 15 | 15.0
Evocations     | 2 8 11 | 11.0
Fighting       | 10 12 14 15 | 15.0
Spellcasting   | 6 |  6.0
Axes           | |  1.0
Maces & Flails | |  3.0
Armour         | |  2.4
Stealth        | |  3.0

Action                   |  1- 3 |  4- 6 |  7- 9 | 10-12 | 13-15 | 16-18 | 19-21 || total
-------------------------+-------+-------+-------+-------+-------+-------+-------++-------
Melee: Dagger            |    86 |   163 |   503 |  1557 |   890 |  2234 |   746 ||  6179
       Staff             |       |       |    16 |       |       |       |       ||    16
       Hand axe          |       |       |     3 |       |       |       |       ||     3
       Constrict         |       |       |       |       |   106 |   298 |   109 ||   513
 Cast: Pain              |       |    39 |   139 |   183 |     6 |       |       ||   367
       Dispel Undead     |       |       |     2 |     7 |     1 |    11 |     4 ||    25
       Vampiric Draining |       |       |       |     7 |       |       |       ||     7
       Animate Skeleton  |       |       |       |       |    50 |     5 |       ||    55
       Animate Dead      |       |       |       |       |       |    51 |    12 ||    63
       Infestation       |       |       |       |       |       |       |    51 ||    51
Invok: Receive Corpses   |       |       |       |       |     3 |    29 |     7 ||    39
       Receive Forbidden |       |       |       |       |     1 |       |       ||     1
       Torment           |       |       |       |       |       |       |     1 ||     1
 Abil: Spit Poison       |    28 |    26 |    20 |    18 |     2 |       |     1 ||    95
Evoke: Wand              |       |     3 |     9 |    14 |    17 |     3 |     1 ||    47
       Tin of tremorston |       |       |       |       |       |     2 |     1 ||     3
  Use: Potion            |     1 |       |       |     4 |     1 |     8 |     5 ||    19
       Scroll            |       |       |    11 |    13 |    15 |     6 |     9 ||    54
 Stab: Sleeping          |     3 |       |     4 |     2 |     3 |    15 |     2 ||    29
       Distracted        |       |       |     1 |       |       |    11 |     5 ||    17
Armor: Robe              |    16 |    15 |       |       |       |       |       ||    31
       Ring mail         |       |    56 |   254 |   263 |   233 |   499 |   107 ||  1412
Dodge: Dodged            |    31 |    58 |   119 |   175 |   166 |   347 |    72 ||   968
Block: Other             |    26 |    36 |    37 |       |       |       |       ||    99
       Reflection        |       |     2 |    13 |    91 |    11 |    33 |    52 ||   202
       Tower shield      |       |       |   470 |  1883 |  1201 |  2229 |   568 ||  6351
